 Dungeon Crawl Stone Soup version 0.19.4-9-g45fd643 (webtiles) character file.

788 Altramertes the Carver (level 7, -1/62 HPs)
             Began as a Deep Dwarf Fighter on Feb 18, 2017.
             Slain by a centaur (2 damage)
             ... on level 5 of the Dungeon.
             The game lasted 00:17:47 (3568 turns).

Altramertes the Carver (Deep Dwarf Fighter)         Turns: 3568, Time: 00:17:47

Health: -1/62      AC:  9    Str: 21    XL:     7   Next: 56%
Magic:  7/7        EV: 13    Int:  9    God:
Gold:   299        SH: 10    Dex: 17    Spells: 0 memorised, 6 levels left

rFire  . . .     SeeInvis .     a - +0 long sword
rCold  . . .     Gourm    .     b - +0 scale mail
rNeg   . . .     Faith    .     c - +0 shield
rPois  .         Spirit   .     (no helmet)
rElec  .         Reflect  .     h - +1 cloak
rCorr  .         Harm     .     (no gloves)
MR     +....                    (no boots)
Stlth  +.........               (no amulet)
                                (no ring)
                                (no ring)

@: agile, non-regenerating
A: damage resistance, recharge devices, sense surroundings 1, slow regeneration
3
a: Device Recharging


You were on level 5 of the Dungeon.
You were hungry.

You visited 1 branch of the dungeon, and saw 5 of its levels.

You collected 299 gold pieces.

Inventory:

Hand Weapons
 a - a +0 long sword (weapon)
Armour
 b - a +0 scale mail (worn)
 c - a +0 shield (worn)
 h - a +1 cloak (worn)
Jewellery
 o - an uncursed ring of protection from fire {unknown}
Wands
 e - a wand of heal wounds (0/9)
 w - a wand of random effects (37/48)
Scrolls
 d - a scroll of remove curse {unknown}
 g - 5 scrolls of identify {unknown}
 i - 3 scrolls of blinking {unknown}
 k - a scroll of random uselessness {unknown}
 l - a scroll of noise {unknown}
 m - a scroll of enchant armour {unknown}
 r - 2 scrolls of fear {unknown}
 t - a scroll of amnesia {unknown}
 v - 2 scrolls of magic mapping {unknown}
 x - 3 scrolls of teleportation {unknown}
Potions
 j - a potion of brilliance {unknown}
 s - a potion of agility
 u - a potion of resistance {unknown}
 A - a potion of curing {unknown}
Comestibles
 f - 3 bread rations
 n - 3 meat rations
 p - 4 beef jerkies
 q - a slice of pizza


   Skills:
 - Level 3.2 Fighting
 * Level 8.1 Long Blades
 - Level 3.7 Armour
 - Level 0.7 Dodging
 - Level 3.7 Shields
 + Level 0.3 Evocations


You had 6 spell levels left.
You didn't know any spells.

Dungeon Overview and Level Annotations

Branches:
Dungeon (5/15)
 Temple: D:4-7

Altars:
Ashenzari
Elyvilon
Kikubaaqudgha
Sif Muna
Uskayaw
Yredelemnul
Zin
The Shining One

Shops:
D:4 }}


Innate Abilities, Weirdness & Mutations

You are resistant to damage.
You can recharge devices by infusing magical energy.
You passively map a small area around you.
You do not regenerate.


Message History

You hit the centaur.
The centaur is lightly wounded.
The centaur hits you but does no damage. x2
You hit the centaur.
The centaur is moderately wounded.
The centaur hits you.
* * * LOW HITPOINT WARNING * * *
The centaur barely misses you.
You riposte.
Your shield and scale mail prevent you from hitting the centaur.
The centaur is moderately wounded.
It was a potion of agility.
You feel agile all of a sudden. You block the centaur's attack.
Your shield and scale mail prevent you from hitting the centaur.
The centaur is moderately wounded.
You block the centaur's attack. x2
You slash the centaur!
The centaur is severely wounded.
The centaur hits you.
You die...

#.#########** #.#
#####.###.##.. .... ,
#.# #.#....... .#### * ,
*#.#######.#.#.#... . ,
, , , #.....))......#.#
* * ** *
##########..#...# * ,..
,, ,#....#.# #..#.####
#.. *,#.##.#.# #........
, ....,
#c##.#.####.#.####
#...##+#@##.#..........#
,
........(..............#
,,,
...........#######.....#
*
.).........'...........#
...........########....#
* ######...######
#..#.## , * * #........#
##.#..# **#........#
#..... #......[.# #....#


You could see a centaur.

Vanquished Creatures
  The ghost of failure1 the Digger, an amateur GrEE (D:3)
  A phantom (D:4)
  An ogre (D:4)
  A scorpion (D:4)
  A howler monkey (D:4)
  A crimson imp (D:5)
  2 orc priests (D:5)
  A bullfrog skeleton (D:5)
  An orc wizard (D:5)
  An iguana (D:4)
  A worker ant (D:5)
  A hound zombie (D:5)
  11 adders
  A gnoll (D:1)
  An ooze (D:4)
  An adder skeleton (D:5)
  4 worms
  3 dart slugs
  2 leopard geckos
  8 orcs
  8 bats
  3 giant cockroaches
  11 goblins
  11 hobgoblins
  A quokka (D:4)
  4 frilled lizards
  7 kobolds
  A leopard gecko skeleton (D:4)
  A quokka skeleton (D:5)
  2 rats
93 creatures vanquished.

Notes
Turn   | Place    | Note
-------+----------+-------------------------------------------
     0 | D:1      | Altramertes the Deep Dwarf Fighter began the quest for the Orb.
     0 | D:1      | Reached XP level 1. HP: 20/20 MP: 1/1
   101 | D:1      | Reached XP level 2. HP: 18/27 MP: 2/2
   328 | D:1      | ;
   603 | D:1      | Reached XP level 3. HP: 23/34 MP: 3/3
   958 | D:2      | Reached skill level 3 in Long Blades
   958 | D:2      | Reached XP level 4. HP: 25/42 MP: 4/4
  1338 | D:3      | Found a white marble altar of Elyvilon.
  1338 | D:3      | Found a faded altar of an unknown god.
  1347 | D:3      | Found a faded altar of an unknown god.
  1365 | D:3      | Found a faded altar of an unknown god.
  1367 | D:3      | Found a faded altar of an unknown god.
  1432 | D:3      | Noticed failure1's ghost (amateur GrEE)
  1467 | D:3      | Killed failure1's ghost
  1467 | D:3      | Reached skill level 5 in Long Blades
  1467 | D:3      | Reached XP level 5. HP: 34/49 MP: 5/5
  1505 | D:3      | Found a glowing golden altar of the Shining One.
  1689 | D:3      | Found a basalt altar of Yredelemnul.
  1743 | D:3      | Found a glowing silver altar of Zin.
  2035 | D:4      | Noticed a phantom
  2109 | D:4      | Killed a phantom
  2109 | D:4      | Reached XP level 6. HP: 31/56 MP: 6/6
  2145 | D:4      | Found Qeczeq's Gadget Shop.
  2173 | D:4      | Reached skill level 6 in Long Blades
  2176 | D:4      | Found a hide-covered altar of Uskayaw.
  2245 | D:4      | Found Gajoskoh's Gadget Shop.
  2458 | D:4      | Found a deep blue altar of Sif Muna.
  3089 | D:4      | Reached skill level 7 in Long Blades
  3089 | D:4      | Reached XP level 7. HP: 21/62 MP: 7/7
  3090 | D:4      | Found an ancient bone altar of Kikubaaqudgha.
  3103 | D:4      | Found a shattered altar of Ashenzari.
  3199 | D:5      | Entered Level 5 of the Dungeon
  3435 | D:5      | Reached skill level 8 in Long Blades
  3565 | D:5      | HP: 1/62 [centaur (4)]
  3568 | D:5      | Slain by a centaur

Skill      XL: |  1  2  3  4  5  6  7 |
---------------+----------------------+-----
Fighting       | 3 |  3.2
Long Blades    | 3 5 7 8 |  8.1
Armour         | |  3.7
Dodging        | |  0.7
Shields        | |  3.7
Evocations     | |  0.3

Action                   |  1- 3 |  4- 6 |  7- 9 || total
-------------------------+-------+-------+-------++-------
Melee: Long sword        |    91 |   205 |   127 ||   423
Evoke: Wand              |       |     4 |     1 ||     5
  Use: Potion            |       |     1 |     1 ||     2
  Eat: Bread ration      |       |     1 |       ||     1
       Chunk             |       |     2 |     1 ||     3
       Pizza             |       |     1 |       ||     1
Armor: Scale mail        |    42 |   111 |    48 ||   201
Dodge: Dodged            |    24 |    63 |    32 ||   119
Block: Shield            |    54 |   126 |    59 ||   239
       Rpst.: Long sword |     2 |    20 |     8 ||    30
